 Dungeon Crawl Stone Soup version 0.22.1-1-ga44c0e5 (webtiles) character file.

36 harcile the Skirmisher (level 3, 0/33 HPs)
             Began as a Hill Orc Fighter on Oct 29, 2018.
             Slain by an adder (1 damage)
             ... on level 2 of the Dungeon.
             The game lasted 00:02:25 (803 turns).

harcile the Skirmisher (Hill Orc Fighter)            Turns: 803, Time: 00:02:26

Health: 0/33       AC:  5    Str: 19    XL:     3   Next: 37%
Magic:  3/3        EV:  8    Int:  6    God:
Gold:   56         SH:  9    Dex: 12    Spells: 2/2 levels left

rFire    + . .     SeeInvis .   a - +0 long sword
rCold    . . .     Gourm    .   c - +0 shield
rNeg     + . .     Faith    .   m - +0 ring mail {rN+}
rPois    .         Spirit   .   (no helmet)
rElec    .         Reflect  .   (no cloak)
rCorr    .         Harm     .   (no gloves)
MR       .....                  (no boots)
Stlth    +.........             (no amulet)
HPRegen  0.11/turn              (no ring)
MPRegen  0.08/turn              (no ring)

@: lethally poisoned (0 -> -8)
A: thin skeletal structure 1, dopey 1, fire resistance 1
a: no special abilities


You were on level 2 of the Dungeon.
You were not hungry.

You visited 1 branch of the dungeon, and saw 2 of its levels.

You collected 56 gold pieces.

Inventory:

Hand Weapons
 a - a +0 long sword (weapon)
 k - a +0 dagger of holy wrath
Armour
 b - a +0 scale mail
 c - a +0 shield (worn)
 m - a +0 ring mail of positive energy (worn)
 n - a +0 pair of gloves
Jewellery
 g - an uncursed amulet of rage {unknown}
Scrolls
 e - a scroll of identify {unknown}
 i - a scroll of enchant armour {unknown}
 j - a scroll of blinking {unknown}
Potions
 d - a potion of might
Comestibles
 f - 5 rations
 h - 7 chunks of flesh


   Skills:
 + Level 4.0 Fighting
 + Level 3.0 Long Blades
 + Level 3.6 Armour
 + Level 3.6 Shields


You had 2 spell levels left.
You didn't know any spells.
Your spell library was empty.

Dungeon Overview and Level Annotations

Branches:
Dungeon (2/15)

Altars:
Wu Jian


Innate Abilities, Weirdness & Mutations

You have a somewhat thin skeletal structure. (Dex +2, Stealth)
You are dopey. (Int -2)
Your flesh is heat resistant. (rF+)


Message History

The adder is almost dead.
You feel sick. You block the adder's attack. x2
You closely miss the adder.
The adder is almost dead.
You feel sick. You block the adder's attack. The adder closely misses you.
You barely miss the adder.
The adder is almost dead.
You block the adder's attack. The adder bites you but does no damage.
You miss the adder.
The adder is almost dead.
You feel sick. The adder bites you.
* * * LOW HITPOINT WARNING * * *
You are more poisoned.
The adder poisons you!
It was a potion of mutation.
You feel extremely strange.
You feel stupid.
Your bones become slightly less dense.
You feel resistant to heat.
* * * LOW HITPOINT WARNING * * *
You feel sick. The adder barely misses you. The adder bites you.
You die...

....###.. ###
#.#.......# ...
##.#.#)..... ...
..........#
...#.#........ ...
#.#.......... #.#
#.#....S....# #.#
##.###.#@#... .....
.......†.#.# # #
#.#.#.....<......#.#
###.#.#....#.#.#.#.#.#
....#.#..............#
###.#.##.....#.#.#.###.#
........................
#.#...##..##.#.#.#.#####
......##..##.#.#.#.#


You could see an adder.

Vanquished Creatures
  An adder (D:2)
  2 dart slugs
  2 giant cockroaches (D:1)
  2 goblins (D:1)
  3 hobgoblins (D:1)
  3 kobolds (D:1)
  2 quokkas (D:2)
  A bat (D:1)
  2 frilled lizards (D:1)
  5 rats
23 creatures vanquished.

Notes
Turn   | Place    | Note
-------+----------+-------------------------------------------
     0 | D:1      | harcile the Hill Orc Fighter began the quest for the Orb.
     0 | D:1      | Reached XP level 1. HP: 19/19 MP: 1/1
   150 | D:1      | Reached XP level 2. HP: 27/27 MP: 2/2
   660 | D:2      | Found an ornate altar of the Wu Jian Council.
   692 | D:2      | Reached XP level 3. HP: 27/33 MP: 3/3
   773 | D:2      | Reached skill level 4 in Fighting
   803 | D:2      | Gained mutation: You are dopey. (Int -2) [potion of
                  | mutation]
   803 | D:2      | Gained mutation: You have a somewhat thin skeletal
                  | structure. (Dex +2, Stealth) [potion of mutation]
   803 | D:2      | Gained mutation: Your flesh is heat resistant. (rF+)
                  | [potion of mutation]
   803 | D:2      | HP: 1/33 [poisoned by an adder]
   803 | D:2      | Slain by an adder

Skill      XL: |  1  2  3 |
---------------+----------+-----
Long Blades    | 3 |  3.0
Fighting       | 4 |  4.0
Armour         | |  3.6
Shields        | |  3.6

Action                   || total
-------------------------++-------
Melee: Long sword        ||    81
  Use: Potion            ||     1
Armor: Scale mail        ||    12
       Ring mail         ||    18
Dodge: Dodged            ||    28
Block: Shield            ||    51
       Rpst.: Long sword ||     7
